 Dungeon Crawl Stone Soup version 0.31-a0-263-ge8cad7f256 (webtiles) character file.

Game seed: 16181196974067367370

214491 dolemite99 the Brawler (level 18, -1/306 HPs)
             Began as a Troll Shapeshifter on July 13, 2023.
             Was a High Priest of Uskayaw.
             Slain by a yaktaur captain (4 damage)
             ... on level 1 of the Vaults.
             The game lasted 00:55:28 (35945 turns).

dolemite99 the Brawler (Troll Shapeshifter)        Turns: 35945, Time: 00:55:29

Health: -1/306     AC: 37    Str: 30    XL:     18   Next: 30%
Magic:  18/23      EV:  8    Int:  6    God:    Uskayaw [*****.]
Gold:   1372       SH: 21    Dex: 12    Spells: 17/17 levels left

rFire   . .          .
                       - Unarmed
rCold   . . .        l - +0 tower shield
rNeg    + . .        b - melded +6 swamp dragon scales
rPois   ∞            (helmet restricted)
rElec   +            D - +1 cloak
rCorr   .            (gloves unavailable)
SInv    .            (boots unavailable)
Will    ++...        y - amulet of reflection Stlth
                     N - ring of willpower
HPRegen 1.51/turn    g - +4 ring of protection
MPRegen 0.18/turn

%: reflection
@: berserking, statue-form, studying Armour, quick
A: slow and powerful, torment resistance 1, boosted hp, large, unfitting armour,
claws 3, regeneration 1, (shaggy fur 1), (tough skin 1)
}: 1/15 runes: serpentine
a: Begin Untransformation, Renounce Religion, Stomp, Line Pass, Grand Finale


You were on level 1 of the Vaults.
You worshipped Uskayaw.
Uskayaw was aware of your devotion.
You were a living statue of rough stone.
You visited 7 branches of the dungeon, and saw 31 of its levels.
You visited the Abyss 1 time.

You collected 2522 gold pieces.
You spent 1150 gold pieces at shops.

Inventory:

Hand Weapons
 L - the +9 long sword of Eria {pain, rElec Stlth+}
   (You found it on level 5 of the Lair of Beasts)

   rElec:     It insulates you from electricity.
   Stlth:     It makes you more stealthy.
Missiles
 d - 2 silver javelins
 r - 36 large rocks (quivered)
 E - 5 throwing nets
 K - 3 curare-tipped darts
 Y - 14 boomerangs
 Z - a silver boomerang
Armour
 b - +6 swamp dragon scales (melded)
 l - a +0 tower shield (worn)
 D - a +1 cloak (worn)
 W - a scarf of invisibility
Magical Staves
 X - a staff of fire
Jewellery
 e - a +5 ring of evasion
 g - a +4 ring of protection (right claw)
 i - a ring of resist corrosion
 y - an amulet of reflection (around neck)
 A - a ring of ice
 H - a ring of see invisible
 N - a ring of willpower (left claw)
 O - the ring of Vehumet's Scorn {Fly rElec}
   (You took it off a centaur warrior on level 13 of the Dungeon)

   [ring of flight]

   rElec:     It insulates you from electricity.
   Fly:       It grants you flight.
Talismans
 c - a beast talisman
 s - a granite talisman
 B - a serpent talisman
 T - a blade talisman
Wands
 m - a wand of charming (26)
 p - a wand of digging (11)
 u - a wand of flame (79)
 F - a wand of polymorph (7)
 P - a wand of mindburst (11)
 R - a wand of quicksilver (2)
Scrolls
 a - 4 scrolls of identify {@r1}
 f - 2 scrolls of vulnerability
 k - 8 scrolls of teleportation
 n - a scroll of enchant armour
 o - 6 scrolls of immolation
 z - a scroll of blinking
 G - 2 scrolls of revelation
 I - 4 scrolls of noise
 Q - 3 scrolls of fog
Potions
 h - 6 potions of curing
 j - a potion of ambrosia
 q - 7 potions of brilliance
 t - 7 potions of enlightenment
 v - 4 potions of magic
 w - a potion of resistance
 C - 2 potions of attraction
 J - 3 potions of might
 V - 2 potions of haste
Miscellaneous
 M - a tin of tremorstones (inert)
 S - a phial of floods


   Skills:
 + Level 11.7 Fighting
 - Level 8.2 Throwing
 - Level 12.9 Armour
 - Level 1.5 Dodging
 - Level 10.3 Shields
 - Level 15.8 Unarmed Combat
 - Level 9.1 Invocations
 - Level 7.1 Evocations
 - Level 13.7 Shapeshifting


You had 17 spell levels left.
You didn't know any spells.
Your spell library contained the following spells:

 Spells                   Type           Power      Damage    Failure   Level
 Magic Dart               Conj           0%         1d3       80%         1
 Sandblast                Erth           0%         2d4       80%         1
 Sting                    Tmut/Pois      0%         1d3       80%         1
 Call Imp                 Summ           0%         N/A       91%         2
 Cigotuvi's Dreadful Rot  Necr/Pois/Air  0%         N/A       91%         2
 Poisonous Vapours        Pois/Air       0%         N/A       91%         2
 Dazzling Flash           Conj/Hex       0%         N/A       99%         3
 Inner Flame              Hex/Fire       0%         N/A       99%         3
 Mephitic Cloud           Conj/Pois/Air  0%         N/A       99%         3
 Ozocubu's Armour         Ice            0%         N/A       99%         3
 Vhi's Electric Charge    Tloc/Air       0%         N/A       99%         3
 Animate Armour           Summ/Erth      0%         N/A       100%        4
 Dispel Undead            Necr           0%         3d6       100%        4
 Leda's Liquefaction      Hex/Erth       0%         N/A       100%        4
 Olgreb's Toxic Radiance  Pois           0%         N/A       100%        4
 Agony                    Necr           0%         N/A       100%        5
 Alistair's Intoxication  Tmut/Pois      0%         N/A       100%        5
 Arcjolt                  Conj/Air       0%         1d10      100%        5
 Borgnjor's Vile Clutch   Necr/Erth      0%         N/A       100%        5
 Lee's Rapid Deconstruct  Erth           0%         3d4*      100%        5
 Silence                  Hex/Air        0%         N/A       100%        5
 Death Channel            Necr           0%         N/A       100%        6
 Eringya's Noxious Bog    Tmut/Pois      0%         4d6       100%        6
 Leda's Unmaking          Conj/Erth      0%         9d1       100%        6
 Ozocubu's Refrigeration  Ice            0%         4d7       100%        7
 Maxwell's Capacitive Co  Air            0%         ∞         100%        8
 Shatter                  Erth           0%         3d5*      100%        9


Dungeon Overview and Level Annotations

Branches:
Dungeon (15/15)            Temple (1/1) D:4            Lair (5/5) D:10
 Shoals (3/4) Lair:3        Snake (4/4) Lair:2        Slime (0/5) Lair:4
    Orc (2/2) D:9             Elf (0/3) Orc:2        Vaults (1/5) D:13
 Depths (0/4) D:15

Altars:
Ashenzari
Cheibriados
Dithmenos
Elyvilon
Fedhas
Gozag
Hepliaklqana
Kikubaaqudgha
Makhleb
Nemelex Xobeh
Okawaru
Qazlal
Ru
Sif Muna
Trog
Uskayaw
Vehumet
Wu Jian
Xom
Yredelemnul
Zin
The Shining One
Lugonu

Shops:
D:2 *   Orc:2 *[[=(   Shoals:2 :   Shoals:3 !=   Snake:3 ?[

Portals:
Abyss: Lair:5

Annotations:
D:5 2 runed translucent doors
D:8 exclusion: downstairs
Lair:4 1 runed translucent door
Shoals:1 Nikola


Innate Abilities, Weirdness & Mutations

You are a living statue of rough stone.
Your actions are slow, but your melee attacks are powerful.
You are resistant to unholy torment.
Your maximum health is increased.
Your equipment is partially melded.
You are too large for most types of armour.
You are immune to poison.
You have claws for hands.
Your natural rate of healing is unusually fast.
((You are covered in fur. (AC +1)))
((You have tough skin. (AC +1)))


Message History

The deep troll bites you but does no damage.
You block the deep troll's attack. The deep troll claws you.
* * * LOW HITPOINT WARNING * * *
The ironbound frostheart calls freezing cold from the walls.
The frost grips you!
* * * LOW HITPOINT WARNING * * *
The deep troll barely misses you. The deep troll claws you!
* * * LOW HITPOINT WARNING * * *
The deep troll claws you but does no damage.
You block the yaktaur captain's attack.
The ironbound convoker points at the ironbound preserver and mumbles some strange words.
The ironbound preserver seems to grow stronger.
You block the deep troll's attack. The deep troll claws you.
* * * LOW HITPOINT WARNING * * *
The deep troll completely misses you. The dire elephant tramples you.
* * * LOW HITPOINT WARNING * * *
You hold your ground!
The dire elephant trunk-slaps you but does no damage.
The deep troll attacks as you move away!
You block the deep troll's attack.
The deep troll claws you but does no damage. x2
You feel a strong urge to attack something.
The ice encasing you melts away.
The ironbound convoker shouts!
A vault sentinel comes into view. It is wielding a +0 morningstar.
A vault sentinel comes into view.
It is wielding a +0 long sword and wearing a +0 ring mail of fire resistance.
The dire elephant tramples you.
* * * LOW HITPOINT WARNING * * *
You hold your ground!
The dire elephant barely misses you.
The deep troll bites you but does no damage.
The deep troll claws you but does no damage.
The deep troll claws you!
* * * LOW HITPOINT WARNING * * *
The ironbound preserver casts a spell.
The ironbound preserver begins to accept its allies' injuries.
The ironbound frostheart barely misses you.
The dire elephant barely misses you.
The dire elephant trunk-slaps you but does no damage.
The yaktaur captain hits you.
You die...

...# ...# ...# ...# ...# ...#
### ...# ##.## ...# ##YT.##
..(# #.T8YO# ...# #.cYp.#
..T#############T#'########+#
...Y......YT..kpT[...........
..T......T...ppTpp...........
....(....Y..ppp..............
..p..........................
...#################'########
...# #........########


You could see 3 dire elephants, an ironbound preserver (strong), an ironbound
thunderhulk (sheltered), a yaktaur captain, an ironbound frostheart (sheltered),
5 deep trolls, 3 vault sentinels, a lindwurm (sheltered) and 4 ironbound
convokers.

Vanquished Creatures
  Vashnia (Snake:2)
  Jorgrun (D:12)
  Rupert (Snake:1)
  Mlioglotl (Shoals:1)
  2 quicksilver dragons (Snake:4)
  A sphinx (Vaults:1)
  Aizul (Snake:1)
  2 nagarajas (Snake:4)
  Roxanne (Snake:1)
  Donald (Snake:4)
  A frost giant (D:15)
  An orc warlord (Orc:2)
  3 ironbound preservers (Vaults:1)
  A very ugly thing (Abyss:3)
  A formless jellyfish (Vaults:1)
  A stone giant (D:13)
  Azrael (D:12)
  5 dire elephants (Vaults:1)
  An eidolon (Abyss:3)
  Josephine (Lair:3)
  2 merfolk impalers (Shoals:1)
  An entropy weaver (Vaults:1)
  4 merfolk javelineers
  Harold (Lair:2)
  4 salamander tyrants
  A spriggan zombie (Abyss:2)
  3 hydras
  An ogre mage (D:13)
  7 centaur warriors
  A peacekeeper (Vaults:1)
  A boulder beetle (D:11)
  An alligator snapping turtle (Lair:3)
  An ironbound frostheart (Vaults:1)
  2 catoblepae
  14 two-headed ogres
  8 anacondas
  2 merfolk aquamancers (Shoals:1)
  4 tengu warriors
  3 death yaks (Lair:5)
  9 naga warriors
  2 orc high priests
  A satyr (Shoals:2)
  17 naga sharpshooters
  4 thrashing horrors (Lair:5)
  Urug (D:13)
  Nergalle (Orc:2)
  5 shock serpents
  A sun demon (Abyss:3)
  A skyshark (Shoals:3)
  A wretched star (Abyss:2)
  2 salamander mystics
  10 sea snakes
  8 deep trolls (Vaults:1)
  2 naga ritualists
  2 ironbound convokers (Vaults:1)
  12 harpies
  Pikel (D:6)
  7 orc knights
  2 deep elf pyromancers
  11 mana vipers
  12 fauns
  3 orc sorcerers
  A will-o-the-wisp (Abyss:3)
  8 ugly things (D:15)
  3 oklob plants
  21 salamanders
  11 cyclopes
  6 merfolk sirens
  9 manticores
  A guardian serpent (shapeshifter) (D:15)
  17 elephants
  5 guardian serpents
  A water nymph (Shoals:3)
  31 black mambas
  A cane toad (shapeshifter) (D:14)
  4 smoke demons
  8 naga magi
  6 rime drakes
  2 gargoyles
  12 cane toads
  An efreet (Abyss:2)
  A komodo dragon (shapeshifter) (Lair:5)
  2 unseen horrors
  Maggie (D:7)
  6 kobold demonologists
  2 yaktaurs (D:13)
  A tormentor (Abyss:2)
  11 komodo dragons
  2 tengu conjurers (D:14)
  3 ancient zymes
  17 merfolk
  A troll (shapeshifter) (Lair:5)
  6 meliai (D:14)
  3 trolls
  3 polar bears
  3 wind drakes
  42 blink frogs
  Prince Ribbit (D:8)
  2 snapping turtles
  2 dream sheep
  A culicivora (shapeshifter) (D:14)
  7 large abominations
  A spriggan (Lair:5)
  6 wyverns
  2 ynoxinuls (Lair:5)
  57 yaks
  6 wraiths
  2 fire elementals (D:12)
  14 basilisks
  3 steam dragons
  Edmund (D:5)
  A chaos spawn (Lair:5)
  25 nagas
  5 wargs
  3 acid dragons
  9 water moccasins
  Duvessa (D:7)
  6 hell hounds (D:12)
  A swamp drake (D:9)
  26 orc warriors
  A sky beast (D:7)
  A black bear (D:7)
  17 ogres
  3 boggarts (D:14)
  5 centaurs
  3 phantoms
  4 kobold brigands
  15 bullfrogs
  2 gnoll sergeants
  2 scorpions
  11 small abominations (Lair:5)
  7 wights (D:7)
  Dowan (D:7)
  6 killer bees
  A vampire bat (D:7)
  4 howler monkeys
  3 electric eels
  2 lava snakes (Snake:1)
  2 hounds
  3 jellies
  14 orc priests
  10 starcursed masses
  3 sleepcaps
  4 iguanas
  27 orc wizards
  Robin (D:4)
  11 gnolls
  An adder (D:6)
  A shadow imp (D:6)
  A white imp (Abyss:3)
  3 worms
  A dart slug (D:2)
  65 orcs
  9 bats
  12 endoplasms
  2 giant cockroaches
  14 goblins
  11 hobgoblins
  4 jackals (D:4)
  7 quokkas
  7 ball pythons
  5 frilled lizards
  19 kobolds
  4 rats
  A butterfly (Lair:2)
968 creatures vanquished.

Vanquished Creatures (others)
  A manticore (Shoals:1)
  A merfolk (Shoals:3)
  A human (D:10)
  A small abomination (Abyss:2)
  A quasit (Abyss:2)
  An orc wizard (D:9)
  3 kobolds (D:9)
  8 tentacles (Shoals:3)
17 creatures vanquished.

Grand Total: 985 creatures vanquished

Notes
Turn   | Place    | Note
-------+----------+-------------------------------------------
     0 | D:1      | dolemite99 the Troll Shapeshifter began the quest for the
                  | Orb.
     0 | D:1      | Reached XP level 1. HP: 19/19 MP: 0/0
   126 | D:1      | Reached XP level 2. HP: 27/27 MP: 1/1
   488 | D:1      | Reached XP level 3. HP: 33/33 MP: 2/2
   885 | D:2      | Reached skill level 3 in Unarmed Combat
  1072 | D:3      | Reached XP level 4. HP: 35/41 MP: 3/3
  1228 | D:2      | Found Odor's General Store.
  1233 | D:2      | Bought a potion of curing for 39 gold pieces
  1233 | D:2      | Bought a scroll of teleportation for 39 gold pieces
  2416 | D:4      | Reached skill level 4 in Unarmed Combat
  2416 | D:4      | Reached XP level 5. HP: 39/48 MP: 4/4
  2471 | D:4      | Found a staircase to the Ecumenical Temple.
  2484 | Temple   | Entered the Ecumenical Temple
  2539 | Temple   | Became a worshipper of Uskayaw the Reveller
  2561 | D:4      | Noticed a phantom
  2566 | D:4      | Reached * piety under Uskayaw
  2569 | D:4      | Reached ** piety under Uskayaw
  2571 | D:4      | Killed a phantom
  2601 | D:4      | Reached XP level 6. HP: 50/55 MP: 5/5
  2788 | D:4      | Noticed Robin
  2878 | D:4      | Killed Robin
  2881 | D:4      | Reached skill level 5 in Unarmed Combat
  2883 | D:4      | Reached *** piety under Uskayaw
  3042 | D:5      | Entered Level 5 of the Dungeon
  3063 | D:5      | Found a blossoming altar of Fedhas.
  3171 | D:5      | Noticed Edmund
  3176 | D:5      | Reached skill level 5 in Shapeshifting
  3182 | D:5      | Reached **** piety under Uskayaw
  3187 | D:5      | Killed Edmund
  3188 | D:5      | Reached XP level 7. HP: 38/62 MP: 6/6
  3267 | D:5      | Reached skill level 6 in Unarmed Combat
  3460 | D:5      | Found a runed translucent door.
  3462 | D:5      | Found a runed translucent door.
  3462 | D:5      | Noticed a vampire mosquito
  3967 | D:6      | Found a snail-covered altar of Cheibriados.
  4019 | D:6      | Noticed Pikel
  4036 | D:6      | Killed Pikel
  4037 | D:6      | Reached skill level 7 in Unarmed Combat
  4037 | D:6      | Reached XP level 8. HP: 29/70 MP: 7/7
  4376 | D:6      | Found a sacrificial altar of Ru.
  4463 | D:6      | Found a white marble altar of Elyvilon.
  4559 | D:6      | Found an ancient bone altar of Kikubaaqudgha.
  4811 | D:6      | Found a shadowy altar of Dithmenos.
  4871 | D:7      | Reached skill level 8 in Unarmed Combat
  4992 | D:7      | Noticed Maggie
  5015 | D:7      | Killed Maggie
  5016 | D:7      | Reached XP level 9. HP: 42/76 MP: 8/8
  5349 | D:7      | Reached skill level 1 in Invocations
  5492 | D:7      | Noticed Duvessa
  5493 | D:7      | Noticed Dowan
  5501 | D:7      | Killed Duvessa
  5517 | D:7      | Killed Dowan
  5632 | D:7      | Identified the +9 dagger "Wuta" {freeze, rF++}
  5639 | D:7      | Found a snail-covered altar of Cheibriados.
  5641 | D:7      | Got the Papyrus of Crystalline Poisoning
  5912 | D:8      | Noticed a troll
  5924 | D:8      | Killed a troll
  6054 | D:8      | Found an opulent altar of Gozag.
  6120 | D:8      | Found a glowing silver altar of Zin.
  6128 | D:8      | Reached skill level 5 in Invocations
  6137 | D:8      | Got the Essays on the Exothermic Gargoyle
  6359 | D:8      | Noticed Prince Ribbit
  6369 | D:8      | Killed Prince Ribbit
  6493 | D:8      | Reached skill level 1 in Shields
  6812 | D:9      | Noticed a two-headed ogre
  7421 | D:9      | Found a shimmering altar of Xom.
  7482 | D:9      | Reached XP level 10. HP: 76/85 MP: 13/13
  7527 | D:9      | Found a staircase to the Orcish Mines.
  7765 | D:9      | Killed a two-headed ogre
  7766 | D:9      | Reached skill level 5 in Shields
  8183 | D:9      | Reached ***** piety under Uskayaw
  8283 | D:9      | Found a broken altar of Ashenzari.
  8385 | D:10     | Entered Level 10 of the Dungeon
  8432 | D:10     | Noticed a two-headed ogre
  8444 | D:10     | Killed a two-headed ogre
  8671 | D:10     | Reached skill level 5 in Fighting
  8695 | D:10     | Noticed a two-headed ogre
  8703 | D:10     | Killed a two-headed ogre
  8847 | D:10     | Found an ancient bone altar of Kikubaaqudgha.
  9006 | D:10     | Found a staircase to the Lair.
  9010 | D:10     | Noticed an oklob plant
  9059 | D:10     | Reached skill level 1 in Armour
  9059 | D:10     | Reached XP level 11. HP: 104/105 MP: 14/14
  9422 | D:10     | Killed an oklob plant
  9440 | Lair:1   | Entered Level 1 of the Lair of Beasts
 10009 | Lair:1   | Reached skill level 9 in Unarmed Combat
 10034 | Lair:1   | Reached ****** piety under Uskayaw
 10542 | Lair:1   | Reached skill level 1 in Throwing
 11357 | Lair:2   | Found a staircase to the Snake Pit.
 11473 | Lair:2   | Reached skill level 5 in Throwing
 11473 | Lair:2   | Reached XP level 12. HP: 115/115 MP: 15/15
 11615 | Lair:2   | Noticed Harold
 11619 | Lair:2   | Noticed a catoblepas
 11868 | Lair:2   | Killed a catoblepas
 11869 | Lair:2   | Reached skill level 1 in Evocations
 11913 | Lair:2   | Killed Harold
 12180 | Lair:3   | Found a gate leading to a gauntlet.
 12194 | Lair:3   | Found a staircase to the Shoals.
 12197 | Lair:3   | Noticed a seven-headed hydra
 12792 | Lair:3   | Killed an eight-headed hydra
 13593 | Lair:3   | Reached skill level 10 in Unarmed Combat
 13917 | Lair:4   | Reached XP level 13. HP: 113/124 MP: 16/16
 14156 | Lair:4   | Found a blossoming altar of Fedhas.
 14573 | Lair:4   | Noticed Sonja
 14574 | Lair:4   | Sonja changed into Sonja the iguana
 14574 | Lair:4   | Noticed Sonja
 14579 | Lair:4   | Killed Sonja the iguana
 14582 | Lair:4   | Found a runed translucent door.
 14583 | Lair:4   | Noticed an azure jelly
 14584 | Lair:4   | Noticed an azure jelly
 14584 | Lair:4   | Noticed an azure jelly
 14585 | Lair:4   | Found a staircase to the Slime Pits.
 14585 | Lair:4   | Noticed an azure jelly
 15366 | Lair:5   | Entered Level 5 of the Lair of Beasts
 15439 | Lair:5   | Identified the +9 long sword of Eria {pain, rElec Stlth+}
 15593 | Lair:5   | Reached skill level 11 in Unarmed Combat
 16596 | Lair:5   | Reached skill level 10 in Shapeshifting
 16877 | Lair:5   | Reached XP level 14. HP: 137/137 MP: 17/17
 16891 | Abyss:2  | Cast into level 2 of the Abyss (spriggan)
 17276 | Abyss:2  | Paralysed by accursed screaming for 2 turns
 17303 | Abyss:3  | Noticed a red very ugly thing
 17306 | Abyss:3  | Noticed a lich
 17325 | Abyss:3  | Killed a red very ugly thing
 17456 | Lair:5   | Escaped the Abyss
 17519 | Lair:5   | Reached skill level 12 in Unarmed Combat
 18033 | Lair:5   | Found a corrupted altar of Lugonu.
 18033 | Lair:5   | Found a one-way gate to the infinite horrors of the Abyss.
 18761 | D:11     | Reached skill level 10 in Shields
 19070 | D:12     | Noticed Jorgrun
 19084 | D:12     | Killed Jorgrun
 19197 | D:12     | Noticed Azrael
 19219 | D:12     | Killed Azrael
 19972 | Orc:1    | Entered Level 1 of the Orcish Mines
 20536 | Orc:2    | Entered Level 2 of the Orcish Mines
 20598 | Orc:2    | Reached XP level 15. HP: 137/138 MP: 19/19
 20620 | Orc:2    | Found a staircase to the Elven Halls.
 20871 | Orc:2    | Noticed Nergalle
 20876 | Orc:2    | Killed Nergalle
 21675 | Orc:2    | Reached skill level 5 in Armour
 21746 | Orc:2    | Found Hafuna's General Store.
 21751 | Orc:2    | Found Vil Sudy's Jewellery Shoppe.
 21894 | Orc:2    | Found Nuloleof's Antique Armour Shoppe.
 22025 | Orc:2    | Found Noch's Armour Shop.
 22101 | Orc:2    | Found Jumnuh's Antique Weapon Shoppe.
 22317 | Orc:2    | Bought a scroll of blinking for 120 gold pieces
 22333 | Orc:2    | Bought a ring of see invisible for 195 gold pieces
 22606 | D:13     | Identified the ring of Vehumet's Scorn {Fly rElec}
 22616 | D:13     | Reached skill level 13 in Unarmed Combat
 22643 | D:13     | Noticed Urug
 22666 | D:13     | Killed Urug
 23269 | D:13     | Found a gate to the Vaults.
 25533 | D:14     | Reached skill level 10 in Armour
 25597 | D:15     | Entered Level 15 of the Dungeon
 26003 | D:15     | Found a frozen archway.
 26028 | D:15     | Identified the +4 robe "Befi" {Int+4}
 26209 | D:15     | Identified the +7 long sword of the Burning Sybil {heavy,
                  | Dex+3}
 26312 | D:15     | Found a staircase to the Depths.
 26312 | D:15     | Noticed a frost giant
 26317 | D:15     | Killed a frost giant
 26417 | D:15     | Found a blossoming altar of Fedhas.
 26808 | Snake:1  | Entered Level 1 of the Snake Pit
 26820 | Snake:1  | Reached XP level 16. HP: 157/157 MP: 21/21
 26874 | Shoals:1 | Entered Level 1 of the Shoals
 26874 | Shoals:1 | Noticed Josephine
 27167 | Lair:3   | Killed Josephine
 28097 | Shoals:1 | Noticed Nikola
 28373 | Shoals:1 | Reached skill level 10 in Fighting
 28850 | Shoals:2 | Found Woyhumun's Book Boutique.
 29094 | Shoals:3 | Found Teufiz's Distillery.
 29102 | Shoals:3 | Bought a potion of curing for 42 gold pieces
 29102 | Shoals:3 | Bought a potion of berserk rage for 70 gold pieces
 29102 | Shoals:3 | Bought a potion of haste for 140 gold pieces
 29102 | Shoals:3 | Bought a potion of haste for 140 gold pieces
 29102 | Shoals:3 | Bought a potion of haste for 140 gold pieces
 29180 | Shoals:3 | Noticed a kraken
 29382 | Shoals:3 | Found Zuhed's Jewellery Boutique.
 30163 | Shoals:3 | Reached skill level 5 in Evocations
 30272 | Shoals:1 | Noticed Mlioglotl
 30296 | Shoals:1 | Killed Mlioglotl
 30869 | Snake:1  | Noticed Aizul
 30872 | Snake:1  | Noticed Rupert
 30887 | Snake:1  | Killed Aizul
 30895 | Snake:1  | Killed Rupert
 31422 | Snake:1  | Noticed Roxanne
 31433 | Snake:1  | Killed Roxanne
 31645 | Snake:1  | You fall into a shaft and drop 1 floor!
 31899 | Snake:2  | Reached XP level 17. HP: 132/167 MP: 22/22
 31926 | Snake:2  | Reached skill level 14 in Unarmed Combat
 32152 | Snake:2  | Noticed Vashnia
 32188 | Snake:2  | Killed Vashnia
 32526 | Snake:2  | Reached skill level 15 in Unarmed Combat
 33127 | Snake:3  | Found Wuythruih's Magic Scroll Shop.
 33481 | Snake:3  | Found Jaugula's Antique Armour Boutique.
 33493 | Snake:3  | Bought an embroidered cloak for 225 gold pieces
 33935 | Snake:4  | Entered Level 4 of the Snake Pit
 34648 | Snake:4  | Noticed a quicksilver dragon
 34649 | Snake:4  | Noticed a quicksilver dragon
 34656 | Snake:4  | Killed a quicksilver dragon
 34659 | Snake:4  | Killed a quicksilver dragon
 34842 | Snake:4  | Got a serpentine rune of Zot
 34930 | Snake:4  | Noticed Donald
 34941 | Snake:4  | Killed Donald
 34955 | Snake:4  | Reached XP level 18. HP: 145/176 MP: 23/23
 35189 | Snake:4  | Found a broken altar of Ashenzari.
 35631 | Vaults:1 | Entered Level 1 of the Vaults
 35944 | Vaults:1 | HP: 14/306 [deep troll[an ironbound preserver] (10)]
 35945 | Vaults:1 | HP: 3/306 [deep troll[an ironbound preserver] (7)]
 35945 | Vaults:1 | Slain by a yaktaur captain

Illustrated notes

Levels and vault maps discovered:
D:1:      roderic_dead_forest, layout_basic, chequers_serial_rivers_large_b,
          hangedman_decor_diamond_cutter, chequers_serial_rivers_small_a,
          kennysheep_decorative_pillar, minmay_cut_off
D:2:      layout_basic, serial_shops, nicolae_shop_hallway_plus,
          minmay_pentomino_p2
D:3:      layout_loops_cross, cheibrodos_sewer_entry_bend, minmay_fountain_box
D:4:      layout_cave_pools, minmay_temple_entry_slanted, serial_glass,
          glass_columns_c, glass_columns_c, uniq_robin
D:5:      lemuel_insect_pit, layout_basic, mainiacjoe_overflow_cross_hatched,
          uniq_edmund
D:6:      minmay_klotski, layout_loops_ring, grunt_dithmenos_shadows,
          nicolae_overflow_crystal_walls, kennysheep_mini_moat,
          hangedman_feature_mirror, uniq_pikel
D:7:      layout_loops_cross, mainiacjoe_overflow_catwalk, roderic_batcave,
          uniq_maggie, uniq_duvessa
D:8:      layout_loops_cross, nicolae_gozag_seed_capital, zin_academy,
          uniq_prince_ribbit1
D:9:      layout_basic, mainiacjoe_overflow_alcove_1, lemuel_round_altar,
          erik_orc_1, kennysheep_small_spiral
D:10:     layout_irregular_city, tgw_kikubaaqudgha, dpeg_oklobed_lair
D:11:     nicolae_cairo_tiling_large_dashed, layout_rooms
D:12:     layout_roguey, uniq_jorgrun, uniq_azrael
D:13:     cheibrodos_monumental, layout_basic,
          hangedman_vaults_entry_quadrant_bands, uniq_urug
D:14:     layout_loops_ring, minmay_stone_trees_small
D:15:     grunt_enter_depths_snipers, layout_basic,
          portal_ice_cave_entry_ugly_swarm, fedhas_altar_2,
          nrook_guardian_serpent_double
Temple:   nicolae_temple_ecumenical_triangle
Lair:1:   layout_cave_pods, grunt_forest_large_clearings
Lair:2:   layout_long_grid, guppyfry_snake_entry_island,
          grunt_forest_small_clearings, lemuel_fruit_fields,
          lemuel_fruit_fields, lemuel_fruit_tree, uniq_harold
Lair:3:   layout_chaotic_city, shoals_dummy_entry, gauntlet_entry_generic,
          chequers_serial_rivers_large_a, small_statue_intersection
Lair:4:   layout_small_grid, slime_entry_2, chequers_serial_rivers_marsh,
          st_stairs_7, hangedman_tree_tricks, grunt_megastairs_5,
          serial_bayou_shore_a, infiniplex_staircase_pool_2, uniq_sonja
Lair:5:   hellmonk_lair_end_abyssal_woods, layout_cellular_growth
Shoals:1: layout_shoals, st_sunken_huts, uniq_mlioglotl, uniq_nikola,
          uniq_josephine
Shoals:2: layout_shoals, serial_shops, shop_statue
Shoals:3: layout_shoals, serial_shops, shop, minmay_shop_enchanted_jewellery
Snake:1:  layout_misc_corridors, nicolae_snake_salamander_zone, uniq_aizul,
          uniq_rupert, uniq_roxanne
Snake:2:  layout_grid_maze, uniq_vashnia
Snake:3:  layout_gridlike, serial_shops, shop_fountains, nicolae_lakefront_shop,
          serial_bayou_lake_a, grunt_megastairs_2
Snake:4:  hellmonk_snake_rune_quicksilver_temple, layout_grid_maze, basic_altar,
          hangedman_snake_wide_pillar_pass, uniq_donald
Orc:1:    layout_caves, hellmonk_ghost_happy_afterlife, basic_altar
Orc:2:    grunt_orc_cross, layout_diamond_mine, serial_shops,
          nicolae_shop_real_fake_doors, basic_altar,
          nicolae_orc_flooded_monolith
Vaults:1: ebering_ghost_rock_garden, nicolae_vaults_house_1,
          nicolae_vaults_trapezoid_layered, nicolae_vaults_big_angled_halls,
          nicolae_vaults_library_corner, nicolae_vaults_closet_pinwheel_4,
          hangedman_vaults_maws, nicolae_vaults_mitosis,
          ontoclasm_vaults_shuriken, v_alt_pattern_4,
          nicolae_vaults_heart-shaped_vault, nicolae_vaults_house_1,
          vaults_mumra_hex, nicolae_vaults_little_squares_4,
          layout_vaults_big_cross

Skill      XL: |  1  2  3  4  5  6  7  8  9 10 11 12 13 14 15 16 17 18 |
---------------+-------------------------------------------------------+-----
Unarmed Combat | 3 4 5 7 8 9 10 11 12 13 15 | 15.8
Shapeshifting  | 4 5 6 7 8 10 11 13 | 13.7
Invocations    | 5 7 9 |  9.1
Shields        | 3 6 7 9 10 | 10.3
Fighting       | 5 6 7 8 9 10 11 | 11.7
Armour         | 1 4 11 12 | 12.9
Throwing       | 5 6 8 |  8.2
Evocations     | 4 7 |  7.1
Dodging        | |  1.5

Action                     |  1- 3 |  4- 6 |  7- 9 | 10-12 | 13-15 | 16-18 || total
---------------------------+-------+-------+-------+-------+-------+-------++-------
  Melee: Unarmed           |    74 |   109 |   218 |   514 |   911 |   737 ||  2563
         Constrict         |       |       |       |       |    10 |       ||    10
         Punch             |       |       |       |       |     1 |     3 ||     4
  Throw: Large rock        |       |       |       |     2 |   119 |   170 ||   291
         Boomerang         |       |       |       |   103 |   247 |       ||   350
 Invoke: Stomp             |       |       |       |     2 |    11 |     9 ||    22
  Evoke: Wand              |       |       |       |     4 |    15 |    10 ||    29
         Tin of tremorston |       |       |       |       |     4 |     4 ||     8
         Phial of floods   |       |       |       |       |     1 |     1 ||     2
    Use: Potion            |       |     1 |     5 |     9 |     3 |     7 ||    25
         Scroll            |       |       |    17 |     9 |    11 |     5 ||    42
   Stab: Sleeping          |     1 |     1 |       |       |       |       ||     2
         Paralysed         |       |     2 |     9 |    34 |    47 |    56 ||   148
 Armour: Animal skin       |    17 |    26 |    20 |       |       |       ||    63
         Skin              |       |     1 |     6 |    25 |    39 |   394 ||   465
         Swamp dragon scal |       |       |    62 |   170 |   204 |   141 ||   577
  Dodge: Dodged            |    26 |    47 |    74 |   146 |   247 |   337 ||   877
  Block: Kite shield       |    20 |    32 |   109 |   314 |   369 |       ||   844
         Other             |       |       |       |     4 |    12 |    29 ||    45
         Reflection        |       |       |       |     2 |    44 |   165 ||   211
         Tower shield      |       |       |       |       |   219 |  1039 ||  1258
   Form: Beast             |       |       |       |     1 |     2 |     1 ||     4
         Anaconda          |       |       |       |     1 |     2 |       ||     3
         Blade             |       |       |       |       |     1 |       ||     1
         Statue            |       |       |       |       |       |     1 ||     1

Table legend: (Time is in decaauts)
 A = Elapsed time spent in this place.
 B = Non-inter-level travel time spent in this place.
 C = Inter-level travel time spent in this place.
 D = Time resting spent in this place.
 E = Time spent auto-exploring this place.
 F = Levels seen in this place.
 G = Mean time per level.
                   A        B        C        D        E       F      G
               +--------+--------+--------+--------+--------+-----+--------+
         Total |  38264 |  35731 |   2533 |  10131 |  16893 |  33 | 1159.5 |
       Dungeon |  16150 |  14911 |   1239 |   3772 |   8154 |  15 | 1076.7 |
        Temple |     60 |     56 |      4 |      0 |     18 |   1 |   60.0 |
          Lair |   9198 |   8640 |    558 |   3324 |   3286 |   5 | 1839.6 |
        Shoals |   2609 |   2385 |    224 |    673 |    823 |   3 |  869.7 |
     Snake Pit |   6710 |   6453 |    257 |   1485 |   3294 |   4 | 1677.5 |
  Orcish Mines |   2515 |   2268 |    247 |    775 |    837 |   2 | 1257.5 |
        Vaults |    467 |    466 |      1 |      8 |    273 |   1 |  467.0 |
         Abyss |    551 |    551 |      0 |     91 |    208 |   2 |  275.5 |
               +--------+--------+--------+--------+--------+-----+--------+

Top non-repeatable levels by time:
 Snake:4: 2229 daAuts
    D:13: 2181 daAuts
  Lair:5: 2149 daAuts
  Lair:3: 2083 daAuts
 Snake:2: 1906 daAuts
  Lair:1: 1722 daAuts
     D:9: 1640 daAuts
  Lair:2: 1631 daAuts
 Snake:3: 1623 daAuts
  Lair:4: 1612 daAuts
   Orc:2: 1592 daAuts
    D:10: 1429 daAuts
     D:8: 1146 daAuts
Shoals:3: 1132 daAuts
    D:15: 1089 daAuts
